 Dungeon Crawl Stone Soup version 0.29-a0-92-gee772dd00f (webtiles) character file.

Game seed: 9281710304715273075

4 IdlyInterested the Charlatan (level 1, -1/14 HPs)
             Began as a Demonspawn Wanderer on Feb 9, 2022.
             Slain by a quokka (4 damage)
             ... on level 1 of the Dungeon.
             The game lasted 00:01:14 (321 turns).

IdlyInterested the Charlatan (Demonspawn Wanderer)   Turns: 321, Time: 00:01:15

Health: -1/14      AC:  2    Str: 11    XL:     1   Next: 58%
Magic:  1/2        EV: 11    Int: 16    God:
Gold:   12         SH:  0    Dex: 10    Spells: 1/2 levels left

rFire   . . .      SeeInvis .   a - +0 club
rCold   . . .      Faith    .   (no shield)
rNeg    . . .      Spirit   .   c - +0 robe
rPois   .          Reflect  .   (helmet currently unavailable)
rElec   .          Harm     .   (no cloak)
rCorr   .          Rampage  .   (no gloves)
Will    .....                   (boots currently unavailable)
Stlth   +.........              (no amulet)
HPRegen 0.04/turn               (no ring)
MPRegen 0.08/turn               (no ring)

@: appendages
A: horns 2, talons 2
a: End Transformation


You were on level 1 of the Dungeon.
You had temporarily grown beastly horns and talons.
You visited 1 branch of the dungeon, and saw 1 of its levels.

You collected 12 gold pieces.

Inventory:

Hand Weapons
 a - a +0 club (weapon)
 f - a +0 dagger
Armour
 c - a +0 robe (worn)
Wands
 b - a wand of flame (4)
Scrolls
 d - a scroll of fog
 e - a scroll of vulnerability {unknown}


   Skills:
 * Level 0.4 Fighting
 * Level 1.1 Armour
 - Level 1.0 Dodging
 * Level 0.5 Stealth
 - Level 1.0 Spellcasting
 - Level 2.6 Transmutations
 - Level 1.2 Invocations
 - Level 3.0 Evocations


You had one spell level left.
You knew the following spells:

 Your Spells              Type           Power      Damage    Failure   Level
a - Beastly Appendage     Tmut           18%        N/A       8%          1

Your spell library contained the following spells:

 Spells                   Type           Power      Damage    Failure   Level
 Wereblood                Tmut           9%         N/A       12%         2
 Ignite Poison            Fire/Tmut/Pois 3%         N/A       43%         3


Dungeon Overview and Level Annotations

Branches:
Dungeon (1/15)

Altars:


Innate Abilities, Weirdness & Mutations

You have temporarily grown beastly horns and talons.


Message History

You grow a pair of large bovine horns.
Your feet morph into talons.
You closely miss the frilled lizard.
The frilled lizard completely misses you.
You barely miss the frilled lizard. The frilled lizard bites you.
You hit the frilled lizard but do no damage.
Your kick misses the frilled lizard.
Your headbutt misses the frilled lizard.
The frilled lizard closely misses you. The frilled lizard bites you.
You closely miss the frilled lizard. You claw the frilled lizard.
You kill the frilled lizard!
You start resting.
Your transformation is almost over.
Magic restored.
You start resting.
Your horns disappear.
Your talons disappear.
HP restored.
You now have 12 gold pieces.
A goblin comes into view. It is wielding a +0 dagger.
The goblin shouts!
A quokka comes into view.
Casting: Beastly Appendage (safe; 8% risk of failure)
Press: ? - help, Q - select action, (/) - cycle Dir - look around, f - activate You grow a pair of large bovine horns.
Your feet morph into talons.
You barely miss the goblin. Your kick misses the goblin.
The goblin hits you with a +0 dagger.
You hit the goblin. Your headbutt misses the goblin.
The goblin is heavily wounded.
The goblin hits you with a +0 dagger. x2
You hit the goblin.
You kill the goblin!
The quokka barely misses you.
You barely miss the quokka. Your kick misses the quokka. The quokka bites you.
* * * LOW HITPOINT WARNING * * *
The quokka closely misses you.
You closely miss the quokka. Your kick misses the quokka.
The quokka barely misses you.
You hit the quokka. Your punch misses the quokka.
The quokka is lightly wounded.
The quokka bites you.
You die...

... .. ...# ♣.♣ #. #...#
♣⌠♣ #. #...♣♣♣♣♣.♣♣♣♣♣.
#......⌠.<.⌠....
#...♣♣♣♣♣.♣♣♣♣♣.
#######...# ♣⌠♣ #.
+.#.........##♣♣♣.♣♣♣##.
#.....)@................
.##...r:................
#######...#####.......
#...# ####...# #...#
#...# ......# #...#
#.#....# ##.## #.#....#
#.## . ...#.. #.#.


You could see a quokka.

Vanquished Creatures
  A ball python (D:1)
  A goblin (D:1)
  3 frilled lizards (D:1)
5 creatures vanquished.

Notes
Turn   | Place    | Note
-------+----------+-------------------------------------------
     0 | D:1      | IdlyInterested the Demonspawn Wanderer began the quest for
                  | the Orb.
     0 | D:1      | IdlyInterested set off with the following items: a +0 club,
                  | a wand of flame (4), a +0 robe, a scroll of fog; and the
                  | following spell memorised: Beastly Appendage; and the
                  | following spells available to memorise: Wereblood, Ignite
                  | Poison
     0 | D:1      | Reached XP level 1. HP: 13/13 MP: 2/2
   321 | D:1      | Slain by a quokka

Illustrated notes

Levels and vault maps discovered:
D:1:      scummos_arrival_forest, layout_loops_cross, serial_shops,
          nicolae_shop_behind_doors

Action                   || total
-------------------------++-------
Melee: Club              ||    17
       Kick              ||     2
 Cast: Beastly Appendage ||     4
Armor: Robe              ||     3
Dodge: Dodged            ||     6

Table legend: (Time is in decaauts)
 A = Elapsed time spent in this place.
 B = Non-inter-level travel time spent in this place.
 C = Inter-level travel time spent in this place.
 D = Time resting spent in this place.
 E = Time spent auto-exploring this place.
 F = Levels seen in this place.
 G = Mean time per level.
                   A        B        C        D        E       F      G
               +--------+--------+--------+--------+--------+-----+--------+
         Total |    325 |    325 |      0 |    184 |     91 |   1 |  325.0 |
       Dungeon |    325 |    325 |      0 |    184 |     91 |   1 |  325.0 |
               +--------+--------+--------+--------+--------+-----+--------+

Top non-repeatable levels by time:
     D:1: 325 daAuts
